 Dungeon Crawl Stone Soup version 0.17-a0-1651-gae1a69f (webtiles) character file.

877 Promi the Magician (level 7, -1/36 HPs)
             Began as a Deep Elf Summoner on Aug 15, 2015.
             Was a Follower of Vehumet.
             Slain by a killer bee (10 damage)
             ... on level 7 of the Dungeon.
             The game lasted 00:31:02 (5606 turns).

Promi the Magician (Deep Elf Summoner)              Turns: 5606, Time: 00:31:03

Health: -1/36      AC:  4    Str: 14    XL:     7   Next: 75%
Magic:  13/28      EV: 15    Int: 20    God:    Vehumet [*.....]
Gold:   382        SH:  0    Dex: 15    Spells: 6 memorised, 6 levels left

rFire  + . .     SeeInvis .     M - +7 falchion of Voosuss {freeze, rF+ MR++ Str+7}
rCold  . . .     Clarity  .     a - +0 robe
rNeg   . . .     SustAt   .     (no shield)
rPois  .         Gourm    .     (no helmet)
rElec  .         Spirit   .     e - +0 cloak
rCorr  .         Warding  .     x - +0 pair of gloves
rMut   .         Stasis   .     (no boots)
MR     ++...                    (no amulet)
Stlth  +++.......               n - +4 ring of slaying
                                k - ring of magical power

@: lethally poisoned (-1 -> -4), very resistant to hostile enchantments, fairly
stealthy
A: no striking features
a: Renounce Religion


You were on level 7 of the Dungeon.
You worshipped Vehumet.
Vehumet was aware of your devotion.
You were not hungry.

You visited 1 branch of the dungeon, and saw 7 of its levels.

You collected 382 gold pieces.

Inventory:

Hand weapons
 M - the +7 falchion of Voosuss (weapon) {freeze, rF+ MR++ Str+7}
   (You found it on level 6 of the Dungeon)

   It has been specially enchanted to freeze those struck by it, causing extra
   injury to most foes and up to half again as much damage against particularly
   susceptible opponents.
   It can also slow down cold-blooded creatures.
   It affects your strength (+7).
   It protects you from fire.
   It affects your resistance to hostile enchantments.
Armour
 a - a +0 robe (worn)
 e - a +0 cloak (worn)
 v - a +0 leather armour
 x - a +0 pair of gloves (worn)
Jewellery
 k - a ring of magical power (left hand)
 n - a +4 ring of slaying (right hand)
 u - an uncursed ring of sustain attributes {unknown}
 w - a +2 ring of protection {unknown}
 C - a +1 ring of protection {unknown}
 I - an uncursed ring of see invisible {unknown}
Magical devices
 g - a wand of polymorph (17)
 J - a wand of digging (13)
Scrolls
 d - 2 scrolls of remove curse
 f - 4 scrolls of identify
 h - 2 scrolls of fog
 i - a scroll of blinking
 l - 2 scrolls of enchant armour {unknown}
 y - 2 scrolls of amnesia {unknown}
 z - 2 scrolls of teleportation {unknown}
 A - a scroll of enchant weapon {unknown}
 E - a scroll of magic mapping
 G - 2 scrolls of noise {unknown}
 H - a scroll of recharging {unknown}
Potions
 o - a potion of degeneration
 p - 2 potions of curing
 s - a potion of heal wounds {unknown}
 K - a potion of might {unknown}
 L - a potion of invisibility {unknown}
Books
 b - a book of Callings

   Spells                             Type                      Level
   a - Summon Small Mammal            Summoning                    1
   b - Call Imp                       Summoning                    2
   c - Call Canine Familiar           Summoning                    3
   d - Summon Guardian Golem          Hexes/Summoning              3
   e - Summon Lightning Spire         Summoning/Air                4
   f - Summon Ice Beast               Ice/Summoning                4
 B - a book of Geomancy

   Spells                             Type                      Level
   a - Sandblast                      Earth                        1
   b - Stoneskin                      Transmutation/Earth          2
   c - Passwall                       Transmutation/Earth          3
   d - Stone Arrow                    Conjuration/Earth            3
   e - Petrify                        Transmutation/Earth          4
   f - Lee's Rapid Deconstruction     Earth                        5
Comestibles
 c - 6 bread rations
 j - 4 meat rations
 m - 5 chunks of flesh
 q - a slice of pizza
 r - a fruit
 F - a royal jelly


   Skills:
 + Level 5.1 Dodging
 + Level 5.5 Stealth
 + Level 6.8 Spellcasting
 + Level 2.5 Conjurations
 + Level 6.4 Summonings


You had 6 spell levels left.
You knew the following spells:

 Your Spells              Type           Power        Failure   Level  Hunger
a - Summon Small Mammal   Summ           ####         1%          1    None
b - Call Imp              Summ           ####....     1%          2    None
c - Call Canine Familiar  Summ           ####....     1%          3    #......
d - Summon Guardian Gole  Hex/Summ       ###.....     10%         3    #......
e - Stone Arrow           Conj/Erth      ##....       17%         3    #......
f - Magic Dart            Conj           ###.         3%          1    None


Dungeon Overview and Level Annotations

Branches:
Dungeon (7/15)             Temple (0/1) D:7

Altars:
Ashenzari
Cheibriados
Gozag
Okawaru
Ru
Sif Muna
Trog
Vehumet
Zin


Message History

The killer bee poisons you! The killer bee barely misses you.
Your crimson imp blinks!
The killer bee closely misses you.
The killer bee stings you but does no damage.
The killer bee closely misses you.
Casting: Summon Small Mammal
Confirm with . or Enter, or press ? or * to list all spells.
Aiming: Stone Arrow
Press: ? - help, Shift-Dir - straight line, f - killer bee
Aim: a killer bee (purple smoke, lightly wounded)
The stone arrow misses the killer bee.
You feel sick. The killer bee stings you. The killer bee stings you!
The killer bee closely misses you. The killer bee stings you.
* * * LOW HITPOINT WARNING * * *
The killer bee closely misses you.
Your quokka closely misses the killer bee.
Your crimson imp misses the killer bee.
The killer bee stings you.
* * * LOW HITPOINT WARNING * * *
The killer bee stings you!
You die...

######......#
#......#
#......#
#......#
#......#
#......#
#...r..#
##...yyy#
...5r5y@#
.........#
....ยง....#
........#
........#
........#
>.......#
..5...|.#


You could see 4 killer bees, 3 friendly crimson imps and 2 friendly quokkas.

Vanquished Creatures
  A giant frog zombie (D:6)
  3 giant frog skeletons
  3 worker ants
  An orc wizard (D:7)
  A worker ant zombie (D:5)
  2 adders
  A shadow imp (D:7)
  An ooze (D:3)
  An adder zombie (D:6)
  A giant gecko (D:4)
  An orc (D:5)
  2 giant cockroaches
  3 goblins
  A hobgoblin (D:3)
  A jackal (D:1)
  4 bats
  2 giant newts (D:3)
  A kobold (D:1)
  A quokka skeleton (D:6)
31 creatures vanquished.

Vanquished Creatures (collateral kills)
  A hippogriff (D:7)
  6 ogres
  2 scorpions
  A crimson imp (D:5)
  A centaur zombie (D:7)
  A jelly (D:5)
  An orc wizard (D:7)
  A hound (D:4)
  2 iguanas
  A worker ant (D:5)
  7 adders
  6 gnolls (D:4)
  An ooze (D:2)
  An adder skeleton (D:4)
  3 worms
  4 orcs (D:7)
  2 hobgoblins
  A jackal (D:1)
  A ball python (D:2)
  5 bats
  4 giant geckos
  3 giant newts
  7 goblins
  8 kobolds
  8 rats
78 creatures vanquished.

Grand Total: 109 creatures vanquished

Notes
Turn   | Place    | Note
--------------------------------------------------------------
     0 | D:1      | Promi the Deep Elf Summoner began the quest for the Orb.
     0 | D:1      | Reached XP level 1. HP: 10/10 MP: 6/6
   526 | D:1      | Reached XP level 2. HP: 15/15 MP: 2/8
   530 | D:1      | Learned a level 2 spell: Call Imp
  1029 | D:2      | Found an opulent altar of Gozag.
  1029 | D:2      | Found a snail-covered altar of Cheibriados.
  1034 | D:2      | Found a shattered altar of Ashenzari.
  1072 | D:2      | Reached XP level 3. HP: 12/19 MP: 8/10
  1442 | D:2      | Learned a level 3 spell: Call Canine Familiar
  1446 | D:2      | Learned a level 3 spell: Summon Guardian Golem
  1629 | D:3      | Reached XP level 4. HP: 24/24 MP: 12/12
  1633 | D:3      | Found a radiant altar of Vehumet.
  1653 | D:3      | Became a worshipper of Vehumet
  1662 | D:3      | Reached skill level 5 in Summonings
  2099 | D:4      | Found a sacrificial altar of Ru.
  2146 | D:4      | Noticed an ogre
  2160 | D:4      | Killed an ogre
  2160 | D:4      | Reached skill level 5 in Spellcasting
  2160 | D:4      | Reached XP level 5. HP: 28/28 MP: 8/14
  2179 | D:4      | Noticed an ogre
  2202 | D:4      | Killed an ogre
  2308 | D:4      | Noticed an ogre
  2319 | D:4      | Killed an ogre
  2319 | D:4      | Reached XP level 6. HP: 32/32 MP: 16/16
  2342 | D:4      | Learned a level 3 spell: Stone Arrow
  2526 | D:5      | Entered Level 5 of the Dungeon
  2560 | D:5      | Found an iron altar of Okawaru.
  2726 | D:5      | Acquired Vehumet's first power
  2726 | D:5      | Offered knowledge of Magic Dart by Vehumet.
  2732 | D:5      | Learned a level 1 spell: Magic Dart
  2934 | D:5      | Reached skill level 1 in Conjurations
  2989 | D:5      | HP: 1/32 [ogre/giant club (27)]
  3346 | D:5      | Found a glowing silver altar of Zin.
  3441 | D:5      | Found a bloodstained altar of Trog.
  3602 | D:5      | Reached skill level 6 in Summonings
  4287 | D:6      | Reached skill level 5 in Stealth
  4287 | D:6      | Reached XP level 7. HP: 22/36 MP: 17/17
  4605 | D:6      | Got a jewelled falchion
  4607 | D:6      | Identified the +7 falchion of Voosuss {freeze, rF+ MR++ Str+7} (You found it on level 6 of the Dungeon)
  4696 | D:6      | Found an opulent altar of Gozag.
  5153 | D:7      | Found a staircase to the Ecumenical Temple.
  5322 | D:7      | Found a deep blue altar of Sif Muna.
  5468 | D:7      | Reached skill level 5 in Dodging
  5606 | D:7      | Slain by a killer bee

Vault maps used:
D:1:      nicolae_arrival_washed_ashore
D:2:      grunt_temple_overflow_open
D:3:      overflow_temple_1_default, first_bread
D:4:      nicolae_ru_awakened_eye
D:5:      kennysheep_mini, okawaru_metal_pillars_1_2,
          nicolae_overflow_hidden_temple
D:6:      nicolae_gozag_cash_rules_everything_around_me
D:7:      tgw_sif, temple_pool_b

Action                   |  1- 3 |  4- 6 |  7- 9 || total
-------------------------+-------+-------+-------++-------
Melee: Hand axe          |    41 |    18 |       ||    59
       Dagger            |       |    41 |       ||    41
       Falchion          |       |       |    40 ||    40
 Cast: Summon Small Mamm |    44 |    14 |    12 ||    70
       Call Imp          |    22 |    33 |    20 ||    75
       Call Canine Famil |     2 |    10 |     3 ||    15
       Magic Dart        |       |     7 |     5 ||    12
       Stone Arrow       |       |       |     1 ||     1
  Use: Scroll            |     5 |     1 |     1 ||     7
 Stab: Sleeping          |     3 |     2 |     4 ||     9
       Distracted        |       |     4 |       ||     4
  Eat: Chunk             |     2 |     6 |       ||     8
       Bread ration      |       |     1 |     1 ||     2
